 Dungeon Crawl Stone Soup version 0.21-a0-507-ga8f6b7a (webtiles) character file.

6059 theanonym the Carver (level 10, 0/88 HPs)
             Began as a Demigod Fighter on Nov 27, 2017.
             Killed from afar by a starcursed mass (9 damage)
             ... with an accursed screaming
             ... on level 1 of the Abyss.
             The game lasted 00:20:42 (8805 turns).

theanonym the Carver (Demigod Fighter)              Turns: 8805, Time: 00:20:43

Health: 0/88       AC: 17    Str: 35      XL:     10   Next: 32%
Magic:  13/13      EV:  5    Int:  6 (12) God:
Gold:   376        SH: 12    Dex: 15      Spells: 9/9 levels left

rFire    + + +     SeeInvis .   L - +1 scimitar
rCold    x . .     Gourm    .   c - +1 shield
rNeg     . . .     Faith    .   S - +0 plate armour
rPois    +         Spirit   .   (no helmet)
rElec    .         Reflect  .   i - +2 cloak {rPois}
rCorr    .         Harm     .   h - +0 pair of gloves
MR       +....                  P - +1 pair of boots
Stlth    ..........             (no amulet)
HPRegen  0.24/turn              p - +5 ring of strength
MPRegen  0.13/turn              M - ring of Denlas {Wiz rF+++ rC- Str+5}

@: berserk cooldown, hasted and slowed
A: high mp 1, MP-powered wands
a: no special abilities


Innate Abilities, Weirdness & Mutations

You have an increased reservoir of magic. (+10% MP)
You expend magic power (3 MP) to strengthen your wands.


   Skills:
 + Level 7.6 Fighting
 * Level 12.5 Long Blades
 - Level 2.8 Armour
 - Level 0.3 Dodging
 - Level 2.8 Shields


You had 9 spell levels left.
You didn't know any spells.

Skill      XL: |  1  2  3  4  5  6  7  8  9 |
---------------+----------------------------+-----
Long Blades    | 2 3 5 6 7 8 10 12 | 12.5
Fighting       | 3 5 7 |  7.6
Armour         | |  2.8
Dodging        | |  0.3
Shields        | |  2.8

Action                   |  1- 3 |  4- 6 |  7- 9 | 10-12 || total
-------------------------+-------+-------+-------+-------++-------
Melee: Long sword        |   139 |   117 |     5 |       ||   261
       Scimitar          |       |       |   541 |    67 ||   608
 Fire: Blowgun           |       |     1 |       |       ||     1
Throw: Tomahawk          |       |       |     1 |     1 ||     2
Evoke: Wand              |     5 |       |     2 |    10 ||    17
  Use: Potion            |       |     1 |     2 |     2 ||     5
       Scroll            |       |     4 |    15 |     1 ||    20
 Stab: Paralysed         |     9 |       |     3 |       ||    12
  Eat: Chunk             |     2 |     4 |    10 |     1 ||    17
       Fruit             |       |       |     6 |       ||     6
       Bread ration      |       |       |     1 |       ||     1
Armor: Scale mail        |    78 |    57 |   187 |       ||   322
       Plate armour      |       |       |    98 |    32 ||   130
Dodge: Dodged            |    41 |    43 |   143 |    15 ||   242
Block: Shield            |    99 |    65 |   340 |    37 ||   541
       Rpst.: Long sword |     8 |    13 |       |       ||    21
       Scimitar          |       |       |    40 |     4 ||    44

Inventory:

Hand Weapons
 L - a +1 scimitar (weapon)
   (You found it on level 4 of the Dungeon)
 Q - a +0 blowgun
   (You took it off a kobold on level 3 of the Dungeon)
Missiles
 o - 7 tomahawks (quivered)
 B - 3 javelins
 E - 28 poisoned needles
 K - a throwing net
Armour
 c - a +1 shield (worn)
 h - a +0 pair of gloves (worn)
   (You bought it in a shop on level 6 of the Dungeon)
 i - a +2 cloak of poison resistance (worn)
   (You took it off Crazy Yiuf on level 7 of the Dungeon)
 P - a +1 pair of boots (worn)
   (You found it on level 2 of the Dungeon)
 S - a +0 plate armour (worn)
   (You found it on level 8 of the Dungeon)
Jewellery
 d - an uncursed ring of ice {rC+, rF-}
   (You found it on level 3 of the Dungeon)
 p - a +5 ring of strength (left hand)
   (You found it on level 1 of the Dungeon)
 G - an uncursed ring of see invisible {sInv}
   (You found it on level 3 of the Dungeon)
 M - the ring of Denlas (right hand) {Wiz rF+++ rC- Str+5}
   (You found it on level 5 of the Dungeon)

   [ring of wizardry]

   It improves your spell success rate.
   It affects your strength (+5).
   It renders you almost immune to fire.
   It makes you vulnerable to cold.
Wands
 s - a wand of polymorph (6)
   (You found it on level 2 of the Dungeon)
 v - a wand of acid (2)
   (You found it on level 5 of the Dungeon)
 H - a wand of disintegration (9)
   (You found it on level 6 of the Dungeon)
Scrolls
 b - 2 scrolls of blinking
 f - a scroll of fog {!r}
 j - 3 scrolls of amnesia
 q - a scroll of enchant armour
 r - 2 scrolls of remove curse
 t - 2 scrolls of teleportation {!r}
 x - 2 scrolls of fear {!r}
 y - 2 scrolls of magic mapping {!r}
 C - 2 scrolls of enchant weapon
 I - a scroll of immolation
Potions
 a - 2 potions of haste
 e - 2 potions of lignification
 k - 4 potions of curing
 l - 2 potions of flight
 u - 3 potions of brilliance
 w - 3 potions of cancellation
 z - a potion of berserk rage {!q}
 A - a potion of invisibility {unknown}
 D - 2 potions of agility
 J - 2 potions of magic
 N - 2 potions of heal wounds {unknown}
 R - a potion of mutation {unknown}
Comestibles
 g - 3 chunks of flesh
 m - 4 bread rations
 n - 2 royal jellies
 O - 6 meat rations

Dungeon Overview and Level Annotations

Branches:
Dungeon (9/15)             Temple (0/1) D:5            Lair (0/6) D:8
    Orc: D:9-12

Shops:
D:4 (   D:6 [([}[

Annotations:
D:9 Psyche


You were on level 1 of the Abyss.
You were not hungry.

You visited 1 branch of the dungeon, and saw 9 of its levels.
You visited the Abyss 1 time.
You also visited: Ossuary.

You collected 502 gold pieces.
You spent 126 gold pieces at shops.


Message History

There is something else lying underneath.
The floor.
Unknown command.
Psyche picks up a dagger of distortion.
Psyche wields a dagger of distortion.
Its appearance distorts for a moment.
You closely miss Psyche.
Psyche picks up a potion of brilliance.
You barely miss Psyche. Psyche spits poison at you.
The splash of poison hits you! You resist.
You take 2 damage, and have 86/88 hp.
You slash Psyche!
Psyche cries.
Psyche hits you with a dagger of distortion.
Space warps horribly around you! Psyche grabs you. Psyche constricts you.
You take 15 damage, and have 71/88 hp.
You slash Psyche! Psyche hits you but does no damage.
You feel strangely unstable. Psyche constricts you.
You take 3 damage, and have 68/88 hp.
Your shield and plate armour prevent you from hitting Psyche.
Psyche hits you but does no damage.
You escape Psyche's grasp.
You blink.
Psyche hits you with a dagger of distortion.
You are cast into the Abyss!
To return, you must find a gate leading back.
Killing monsters will force the Abyss to allow you passage.
This branch contains the abyssal rune of Zot.
Found a gateway leading out of the Abyss.
You take 4 damage, and have 64/88 hp.
Unknown command.
Unknown command.
Unknown command.
You are suddenly pulled into a different region of the Abyss!
A smoke demon comes into view.
The smoke demon gestures at you. The ball of steam hits you! You resist.
You take 1 damage, and have 67/88 hp.
The smoke demon gestures at you. The ball of steam misses you.
The smoke demon gestures at you. Something smites you!
You take 10 damage, and have 59/88 hp.
Found a gateway leading deeper into the Abyss.
Found 20 arrows.
A neqoxec comes into view.
The neqoxec shouts!
The smoke demon gestures at you. Something smites you!
The neqoxec gestures.
You take 12 damage, and have 50/88 hp.
The neqoxec gestures at you.
Something tries to feed on your intellect!
The neqoxec gestures at you.
Strange energies course through your body.
You feel your magical essence link to your wands.
The white imp gestures at you. The puff of frost hits you!
The smoke demon gestures at you. Something smites you!
* * * LOW HITPOINT WARNING * * *
The neqoxec gestures at you.
You feel dopey. Something feeds on your intellect!
You take 16 damage, and have 36/88 hp.
The white imp shouts, "Admit defeat, thou quaking dread-bolted pumpion!"
Okay, then.
The smoke demon gestures at you. Something smites you!
* * * LOW HITPOINT WARNING * * *
The neqoxec gestures at you.
You feel dopey. Something feeds on your intellect!
You take 11 damage, and have 26/88 hp.
The white imp gestures at you. The puff of frost hits you!
The white imp gestures at you. The puff of frost hits you!
You feel a terrible chill!
* * * LOW HITPOINT WARNING * * *
A starcursed mass comes into view.
You take 16 damage, and have 11/88 hp.
A starcursed mass splits.
A starcursed mass splits.
It was a potion of berserk rage.
A red film seems to cover your vision as you go berserk!
You feel yourself moving faster!
You feel mighty!
A starcursed mass splits.
You now have 19/132 hp.
You are too berserk!
Unknown command.
You feel a strong urge to attack something.
The white imp disappears in a puff of smoke!
A starcursed mass splits.
You feel your anger nearly subside.
You are no longer berserk.
You are exhausted.
You feel yourself slow down.
You now have 14/88 hp.
A chorus of shrieks assaults your mind.
* * * LOW HITPOINT WARNING * * *
You take 6 damage, and have 8/88 hp.
You feel yourself speed up.
A starcursed mass splits.
A chorus of shrieks assaults your mind.
You die...

.# ##. .. #.#
.. .# ##.#
##.#.#..####
.#.# .#@§#.§#
.....##.X## .
#.. ##X..##
.#
#..#......#
.# #......#.#
##
#..#.#X####
....# #..X#
..#..#.##
###.###..##.#


You could see 4 starcursed masses.

Notes
Turn   | Place    | Note
-------+----------+-------------------------------------------
     0 | D:1      | theanonym the Demigod Fighter began the quest for the Orb.
     0 | D:1      | Reached XP level 1. HP: 18/18 MP: 3/3
   117 | D:1      | Reached skill level 2 in Long Blades
   319 | D:1      | Reached XP level 2. HP: 25/25 MP: 4/4
   696 | D:2      | HP: 11/25 [frilled lizard (3)]
  1008 | D:2      | Noticed Terence
  1009 | D:2      | Reached skill level 3 in Long Blades
  1023 | D:2      | Killed Terence
  1023 | D:2      | Reached XP level 3. HP: 24/30 MP: 5/5
  1373 | D:2      | Found a snail-covered altar of Cheibriados.
  1604 | D:3      | Noticed Purgy
  1637 | D:2      | Killed Purgy
  1637 | D:2      | Reached skill level 5 in Long Blades
  1637 | D:2      | Reached XP level 4. HP: 35/37 MP: 6/6
  1637 | D:2      | Reached XP level 5. HP: 40/42 MP: 7/7
  1677 | D:3      | Found an opulent altar of Gozag.
  1884 | D:3      | Noticed Sigmund
  1961 | D:3      | Noticed Jessica
  1969 | D:3      | Killed Jessica
  2042 | D:3      | Reached skill level 6 in Long Blades
  2152 | D:3      | Found a glowing golden altar of the Shining One.
  2178 | D:3      | Killed Sigmund
  2178 | D:3      | Reached XP level 6. HP: 30/50 MP: 8/8
  2519 | D:4      | Noticed a hippogriff
  2530 | D:4      | Killed a hippogriff
  2530 | D:4      | Reached skill level 7 in Long Blades
  2530 | D:4      | Reached XP level 7. HP: 34/56 MP: 1/9
  2717 | D:4      | Reached skill level 8 in Long Blades
  3064 | D:4      | Found a radiant altar of Vehumet.
  3234 | D:4      | Found Atihoski's Antique Weapon Boutique.
  3282 | D:4      | Reached skill level 3 in Fighting
  3484 | D:5      | Entered Level 5 of the Dungeon
  3630 | D:5      | Found a sand-covered staircase.
  3643 | Ossuary  | Entered an ossuary
  3793 | Ossuary  | Reached XP level 8. HP: 48/63 MP: 10/10
  3973 | D:5      | Reached skill level 9 in Long Blades
  3988 | D:5      | Reached skill level 4 in Fighting
  4027 | D:5      | Found a hide-covered altar of Uskayaw.
  4031 | D:5      | Found a white marble altar of Elyvilon.
  4083 | D:5      | Got a clouded bone ring
  4175 | D:5      | Noticed zero's ghost (novice SpEn)
  4181 | D:5      | Killed zero's ghost
  4183 | D:5      | Identified the ring of Denlas {Wiz rF+++ rC- Str+5} (You found it on level 5 of the Dungeon)
  4235 | D:5      | Noticed Menkaure
  4241 | D:5      | Killed Menkaure
  4343 | D:5      | Found a staircase to the Ecumenical Temple.
  4581 | D:5      | Reached skill level 10 in Long Blades
  4628 | D:5      | Found a shimmering altar of Xom.
  4709 | D:6      | Found Xymn's Antique Armour Emporium.
  4721 | D:6      | Bought a pair of gloves for 126 gold pieces
  4764 | D:6      | Found Canuah's Antique Armour Boutique.
  4779 | D:6      | Found Foakha's Gadget Shoppe.
  4842 | D:6      | Reached skill level 5 in Fighting
  4997 | D:6      | Found a blossoming altar of Fedhas.
  5034 | D:6      | Got a pitted ring mail
  5045 | D:6      | Identified the cursed +1 ring mail of Leapfrog {MR+} (You found it on level 6 of the Dungeon)
  5068 | D:6      | Found Dieduomi's Armour Shoppe.
  5152 | D:6      | Found Fesmys's Antique Weapon Emporium.
  5336 | D:6      | Reached XP level 9. HP: 73/74 MP: 11/11
  6053 | D:7      | Reached skill level 6 in Fighting
  6053 | D:7      | Reached skill level 11 in Long Blades
  6254 | D:7      | Found a runed door.
  6392 | D:7      | Noticed Crazy Yiuf
  6396 | D:7      | Killed Crazy Yiuf
  6556 | D:8      | Found a staircase to the Lair.
  6642 | D:8      | Paralysed by a hornet for 1 turns
  6644 | D:8      | HP: 29/75 [hornet (9)]
  7001 | D:8      | Found a sparkling altar of Nemelex Xobeh.
  7923 | D:9      | Found a basalt altar of Yredelemnul.
  8042 | D:9      | Reached skill level 7 in Fighting
  8042 | D:9      | Reached skill level 12 in Long Blades
  8042 | D:9      | Reached XP level 10. HP: 45/86 MP: 13/13
  8435 | D:9      | Noticed a two-headed ogre
  8451 | D:9      | Killed a two-headed ogre
  8639 | D:9      | Noticed Psyche
  8650 | D:9      | Noticed Psyche
  8650 | D:9      | Psyche changed into Psyche the big kobold
  8725 | D:9      | Noticed Psyche
  8725 | D:9      | Psyche the big kobold changed into Psyche the naga
  8733 | D:9      | Cast into level 1 of the Abyss (Psyche)
  8749 | Abyss:1  | Noticed a smoke demon
  8776 | Abyss:1  | Gained mutation: You expend magic power (3 MP) to strengthen your wands. [a neqoxec]
  8781 | Abyss:1  | HP: 36/88 [smoke demon/divine providence (16)]
  8786 | Abyss:1  | HP: 26/88 [smoke demon/divine providence (11)]
  8790 | Abyss:1  | HP: 11/88 [white imp/puff of frost[a neqoxec] (16)]
  8791 | Abyss:1  | Noticed a starcursed mass
  8804 | Abyss:1  | HP: 8/88 [starcursed mass/accursed screaming (6)]
  8805 | Abyss:1  | Killed from afar by a starcursed mass

Vanquished Creatures
  A two-headed ogre (D:9)
  2 trolls (D:9)
  The ghost of zero the Covert, a novice SpEn (D:5)
  A hippogriff (D:4)
  A hornet (D:8)
  Sigmund (D:3)
  A hungry ghost (D:9)
  Menkaure (D:5)
  Purgy (D:2)
  A sky beast (D:9)
  An eye of draining (D:4)
  2 black bears
  4 ogres
  2 centaurs
  2 big kobolds
  7 bullfrogs
  3 elf skeletons (D:5)
  7 killer bees
  2 scorpions
  4 howler monkeys
  3 centaur zombies
  5 crimson imps
  10 hounds
  A bullfrog zombie (D:8)
  3 human zombies (Ossuary)
  2 quasits
  A jelly (D:4)
  3 orc priests
  2 bullfrog skeletons
  A centaur skeleton (D:5)
  6 orc wizards
  Crazy Yiuf (D:7)
  Jessica (D:3)
  7 worker ants
  Terence (D:2)
  2 iguanas
  A big kobold zombie (Ossuary)
  2 mummies (Ossuary)
  A worker ant zombie (D:6)
  A howler monkey skeleton (D:4)
  10 adders
  3 shadow imps
  An adder zombie (Ossuary)
  An adder skeleton (D:7)
  2 dart slugs
  6 leopard geckos
  20 orcs
  3 ball pythons
  12 giant cockroaches
  4 goblins
  3 hobgoblins
  5 jackals
  14 kobolds
  4 quokkas
  9 bats
  8 frilled lizards
  3 goblin zombies (Ossuary)
  8 hobgoblin zombies (Ossuary)
  A jackal zombie (Ossuary)
  5 kobold zombies (Ossuary)
  2 orc skeletons (D:5)
  13 orc zombies
  5 rats
  A rat zombie (Ossuary)
242 creatures vanquished.
